 Dungeon Crawl Stone Soup version 0.17.1-3-g152610e (webtiles) character file.

86209 laaw the Severer (level 15, -4/211 HPs)
             Began as a Hill Orc Berserker on Mar 27, 2016.
             Was a High Priest of Trog.
             Drowned by a drowned soul (12 damage)
             ... summoned by a merfolk avatar
             ... on level 1 of the Shoals on Apr 3, 2016.
             The game lasted 04:07:09 (31268 turns).

laaw the Severer (Hill Orc Berserker)              Turns: 31268, Time: 04:07:09

Health: -4/211     AC: 32    Str: 35    XL:     15   Next: 86%
Magic:  25/25      EV: 13    Int:  7    God:    Trog [*****.]
Gold:   165        SH:  0    Dex: 16    Spells: 0 memorised, 14 levels left

rFire  + . .     SeeInvis +     V - +9 battleaxe of Prudence {venom, -Tele +Rage rF+ Str+3}
rCold  . . .     Clarity  .     c - +3 plate armour
rNeg   + . .     SustAt   .     (shield currently unavailable)
rPois  .         Gourm    .     S - +1 helmet
rElec  .         Spirit   .     P - +2 cloak {MR+}
rCorr  .         Warding  +     k - +2 pair of gloves
rMut   .         NoTele   +     U - +1 pair of boots
MR     +++..                    F - amulet of warding
Stlth  ..........               O - ring "Jishamn" {MR+ MP+9 Dex+6}
                                m - ring of see invisible

@: berserking (expiring), mesmerised, very quick, extremely resistant to hostile
enchantments, extremely unstealthy
A: no striking features
a: Berserk, Trog's Hand, Brothers in Arms, Burn Spellbooks, Renounce Religion,
Evoke Berserk Rage


You were on level 1 of the Shoals.
You worshipped Trog.
Trog was extremely pleased with you.
You were not hungry.

You visited 6 branches of the dungeon, and saw 28 of its levels.
You also visited: Bailey and Ice Cave.

You collected 1978 gold pieces.
You spent 1813 gold pieces at shops.

Inventory:

Hand Weapons
 a - a +2 battleaxe of freezing
 g - a +5 hand axe of electrocution
 s - the +7 glaive "Goblinslayer" {drain, rElec rC+ rN+ Int+3}
   (You found it on level 1 of the Shoals)

   A truly terrible weapon, it drains the life of those it strikes.
   It affects your intelligence (+3).
   It protects you from cold.
   It insulates you from electricity.
   It protects you from negative energy.
 V - the +9 battleaxe of Prudence (weapon) {venom, -Tele +Rage rF+ Str+3}
   (You bought it in a shop on level 1 of the Snake Pit)

   It poisons the flesh of those it strikes.
   It affects your strength (+3).
   It protects you from fire.
   It lets you go berserk.
   It prevents most forms of teleportation.
Missiles
 W - 3 javelins of returning (quivered)
Armour
 c - a +3 plate armour (worn)
 k - a +2 pair of gloves (worn)
 P - a +2 cloak of magic resistance (worn)
 S - a +1 helmet (worn)
 U - a +1 pair of boots (worn)
Jewellery
 m - a ring of see invisible (left hand)
 u - an uncursed ring of stealth
 v - a +1 ring of protection
 x - an uncursed ring of sustain attributes
 y - an uncursed ring of protection from cold
 F - an amulet of warding (around neck)
 O - the ring "Jishamn" (right hand) {MR+ MP+9 Dex+6}
   (You found it on level 5 of the Dungeon)

   [ring of dexterity]

   It affects your dexterity (+6).
   It affects your resistance to hostile enchantments.
   It affects your magic capacity (+9).
Wands
 f - a wand of digging (7)
 r - a wand of confusion (9)
 B - a wand of cold (1)
 G - a wand of fire (8)
 I - a wand of cold (8)
 J - a wand of polymorph (6)
 T - a wand of teleportation (5)
 Z - a wand of enslavement (17)
Scrolls
 b - 3 scrolls of blinking
 d - 8 scrolls of teleportation
 n - 2 scrolls of recharging
 o - 2 scrolls of identify
 w - 6 scrolls of remove curse
 A - a scroll of vulnerability {unknown}
 L - 3 scrolls of enchant weapon
 M - 2 scrolls of fog
 R - 2 scrolls of magic mapping
Potions
 e - 2 potions of might {unknown}
 h - 4 potions of agility
 j - 3 potions of lignification {unknown}
 p - 2 potions of flight
 q - 6 potions of heal wounds
 z - 4 potions of resistance
 D - 6 potions of curing
 H - 2 potions of ambrosia {unknown}
 K - 2 potions of cancellation {unknown}
 X - a potion of brilliance
Miscellaneous
 E - a phantom mirror
 Q - a plain deck of changes
 Y - a plain deck of war {drawn: 1}
Comestibles
 i - 7 beef jerkies
 l - 27 fruits
 t - a royal jelly
 C - 13 meat rations
 N - 12 bread rations


   Skills:
 + Level 15.2 Fighting
 + Level 19.7 Axes
 + Level 0.9(11.5) Polearms
 + Level 6.6 Throwing
 + Level 14.2 Armour
 + Level 7.1 Dodging
 + Level 2.0 Stealth
   Level 7.4 Shields
 + Level 2.1 Evocations


You had 14 spell levels left.
You didn't know any spells.

Dungeon Overview and Level Annotations

Branches:
Dungeon (15/15)            Temple (1/1) D:5            Lair (6/8) D:8
 Shoals (2/4) Lair:5        Snake (2/4) Lair:4        Slime (0/6) Lair:6
    Orc (2/4) D:11         Depths (0/5) D:15
 Vaults: D:13-14

Altars:
Ashenzari
Cheibriados
Dithmenos
Elyvilon
Fedhas
Gozag
Kikubaaqudgha
Nemelex Xobeh
Okawaru
Vehumet
Xom
Yredelemnul
Zin
The Shining One

Shops:
D:5 !   D:6 %   D:7 ?   D:11 !   Orc:1 [   Snake:1 !([(

Annotations:
D:4 !
Lair:3 !
Lair:6 !Catoblepas
Snake:1 !Nikola extreme dangerous, Nikola
Orc:2 !Very dangerous!!!!, Rupert


Message History

You cannot move away from the merfolk avatar!
The merfolk avatar chants its luring song.
You feel a strong urge to attack something.
The merfolk avatar chants its luring song.
The merfolk avatar chants its luring song. x2
Your unstable footing causes you to fumble your attack.
The drowned soul touches you. The drowned soul drowns you!
* * * LOW HITPOINT WARNING * * *
You cannot move away from the merfolk avatar!
The pull of its song draws you forwards.
The merfolk avatar chants its luring song.
You open the merfolk avatar like a pillowcase!!!
The merfolk avatar is poisoned.
The merfolk avatar is heavily wounded.
You slash the drowned soul!
The drowned soul is severely damaged.
You carve the drowned soul like a ham!!!
You destroy the drowned soul!
The drowned soul touches you. The drowned soul drowns you!
You die...

≈. .≈≈.... .# . ....#
.###. #...# .....##
####...### #....#
#..).≈≈..## ##.....##
#.##.≈≈...# ........#
#####≈≈...# ...#
#..## #≈.≈≈≈≈≈.# ...#
##..###≈≈≈≈@≈≈.#
...###......≈≈≈≈m≈≈.#
..<.....≈.#.≈≈≈≈W≈≈.#
##....≈≈.###.≈W≈≈≈≈.#
###...≈≈.# #.≈≈≈≈≈≈##
....≈≈≈..###.≈≈≈WW≈.#
#...≈≈≈≈...≈≈≈≈≈≈≈≈.#
##..≈≈≈≈≈.≈≈≈≈≈≈≈≈≈≈.
....≈≈≈≈≈..≈≈≈≈≈≈≈≈≈


You could see a merfolk avatar and 4 drowned souls.

Vanquished Creatures
  An emperor scorpion (D:15)
  A dire elephant (D:15)
  4 vault guards (D:14)
  2 naga warriors (Snake:1)
  A centaur warrior (D:13)
  5 hydras
  A tengu warrior (D:15)
  A vampire mage (D:13)
  An anaconda (Snake:1)
  A salamander mystic (Snake:1)
  2 sea snakes (Shoals:1)
  3 unseen horrors
  2 naga ritualists (Snake:1)
  A wolf spider zombie (D:15)
  A hill giant (D:11)
  A mana viper (Snake:1)
  4 ugly things
  An orc sorcerer (Orc:1)
  3 salamanders (Snake:1)
  5 griffons
  An orc knight (Orc:1)
  A water nymph (Shoals:1)
  A guardian serpent (shapeshifter) (D:14)
  2 cyclopes
  A manticore (Shoals:1)
  14 black mambas
  3 centaur zombies
  The ghost of solar the Conjurer, a novice GrWz (D:5)
  2 sirens
  An ice statue (IceCv)
  Psyche (D:8)
  A naga mage (Snake:1)
  8 spiny frogs
  3 gargoyles
  5 kobold demonologists
  A deep elf priest (D:15)
  4 red devils (D:14)
  A tengu conjurer (D:15)
  2 two-headed ogres
  14 polar bears
  2 fire drakes
  6 snapping turtles
  8 merfolk
  Prince Ribbit (D:5)
  3 trolls
  A trapdoor spider zombie (D:11)
  53 yaks
  12 flying skulls (D:13)
  4 deep elf magi
  19 blink frogs
  A shadow (D:11)
  Eustachio (D:5)
  A deep elf fighter (D:15)
  4 vampire mosquitoes (D:14)
  2 basilisks
  7 hippogriffs
  A hungry ghost (D:11)
  9 fire elementals (D:10)
  5 vampires
  8 nagas (Snake:1)
  Menkaure (D:4)
  A steam dragon (D:10)
  6 wyverns
  A mottled dragon (D:11)
  2 soldier ants
  Duvessa (D:5)
  21 wolves
  9 porcupines
  17 orc warriors
  2 ice beasts
  2 sky beasts
  3 black bears
  10 centaurs
  2 eyes of draining
  11 water moccasins
  A phantom (D:3)
  3 wasps
  7 ogres
  5 big kobolds
  6 crocodiles
  Blork the orc (D:6)
  10 giant frogs
  Dowan (D:5)
  A wyvern skeleton (D:11)
  A water moccasin skeleton (D:9)
  3 scorpions
  9 wights
  10 killer bees
  6 electric eels
  10 crimson imps
  3 jellies
  7 human zombies
  Crazy Yiuf (D:3)
  5 centaur skeletons
  2 giant frog zombies
  6 giant frog skeletons
  10 orc priests
  9 hounds
  9 worker ants
  11 orc wizards
  Natasha (D:4)
  7 iguanas
  20 sheep
  3 hound zombies
  A hound skeleton (D:11)
  Robin (D:4)
  16 adders
  A worker ant zombie (D:8)
  13 gnolls
  39 river rats
  6 shadow imps
  10 white imps (Orc:1)
  An ooze (D:1)
  5 adder skeletons
  A worm (D:5)
  63 orcs
  5 giant cockroaches
  20 goblins
  12 hobgoblins
  6 jackals
  10 kobolds
  2 quokkas
  2 ball pythons
  3 bats
  5 giant geckos
  A giant gecko skeleton (D:5)
  A giant gecko zombie (D:6)
  4 giant newts
  2 jackal skeletons (D:5)
  4 rats
  5 fungi
  5 plants
757 creatures vanquished.

Vanquished Creatures (collateral kills)
  A vampire knight (D:13)
  The ghost of SaintRoka the Envoy of Void, a journeyman NaAK of Lugonu (IceCv)
  A white draconian (IceCv)
  A hydra (D:12)
  Nergalle (Lair:3)
  An orc knight (Bailey)
  A cyclops (D:11)
  An ugly thing (D:13)
  A water nymph (Shoals:1)
  A black mamba (Snake:1)
  A troll (D:11)
  A merfolk (Shoals:1)
  A polar bear (IceCv)
  2 slime creatures (D:15)
  A two-headed ogre (D:9)
  3 flying skulls (D:13)
  2 fire elementals (D:10)
  3 yaks (D:11)
  2 vampires (D:13)
  An ogre (D:13)
  2 orc warriors
  3 human zombies (D:13)
  An orc priest (Orc:1)
  A jelly (D:11)
  An iguana (Lair:2)
  A gnoll (Bailey)
  2 orcs
  A hobgoblin (Bailey)
  3 goblins (Bailey)
42 creatures vanquished.

Vanquished Creatures (others)
  27 fungi
  7 plants
34 creatures vanquished.

Grand Total: 833 creatures vanquished

Notes
Turn   | Place    | Note
--------------------------------------------------------------
     0 | D:1      | laaw the Hill Orc Berserker began the quest for the Orb.
     0 | D:1      | Reached XP level 1. HP: 19/19 MP: 1/1
  1178 | D:2      | Reached XP level 2. HP: 10/27 MP: 2/2
  1628 | D:1      | Reached XP level 3. HP: 29/33 MP: 3/3
  2574 | D:3      | Reached ** piety under Trog
  2640 | D:3      | Noticed a phantom
  2676 | D:3      | Killed a phantom
  2676 | D:3      | Reached skill level 5 in Axes
  2676 | D:3      | Reached XP level 4. HP: 22/41 MP: 4/4
  2676 | D:3      | Reached XP level 5. HP: 25/47 MP: 5/5
  2832 | D:3      | Reached skill level 5 in Fighting
  3028 | D:3      | Found an ancient bone altar of Kikubaaqudgha.
  3329 | D:3      | Found a shadowy altar of Dithmenos.
  3387 | D:3      | Noticed Crazy Yiuf
  3394 | D:3      | Killed Crazy Yiuf
  3784 | D:4      | Found an iron altar of Okawaru.
  3855 | D:5      | Entered Level 5 of the Dungeon
  3883 | D:4      | Reached XP level 6. HP: 53/56 MP: 6/6
  3924 | D:4      | Found a glowing golden altar of the Shining One.
  3924 | D:4      | Found a glowing silver altar of Zin.
  3977 | D:4      | Noticed an ogre
  3985 | D:4      | Killed an ogre
  3985 | D:4      | Reached skill level 6 in Axes
  4406 | D:5      | Reached XP level 7. HP: 34/61 MP: 7/7
  4742 | D:4      | Noticed Robin
  4766 | D:4      | Killed Robin
  4809 | D:4      | Noticed Natasha
  4839 | D:4      | Reached *** piety under Trog
  4913 | D:4      | Noticed Menkaure
  5067 | D:5      | Found Aczetudd's Distillery.
  5067 | D:5      | Found a snail-covered altar of Cheibriados.
  5076 | D:5      | Noticed solar's ghost (novice GrWz)
  5080 | D:5      | Noticed Duvessa
  5080 | D:5      | Noticed Dowan
  5093 | D:5      | Killed Duvessa
  5095 | D:5      | Killed solar's ghost
  5095 | D:5      | Reached skill level 8 in Axes
  5095 | D:5      | Reached skill level 5 in Armour
  5095 | D:5      | Reached XP level 8. HP: 65/71 MP: 8/8
  5096 | D:5      | Killed Dowan
  5356 | D:6      | HP: 2/71 [orc warrior/battleaxe (14)]
  5806 | D:6      | Reached skill level 9 in Axes
  5850 | D:6      | Found a shattered altar of Ashenzari.
  5878 | D:6      | Noticed Blork the orc
  5885 | D:6      | Killed Blork the orc
  6141 | D:6      | Reached XP level 9. HP: 79/79 MP: 9/9
  6428 | D:6      | Found Paopsuk's Food Emporium.
  6528 | D:6      | Reached skill level 10 in Axes
  6911 | D:7      | Found Wicuem's Magic Scroll Emporium.
  6916 | D:7      | Bought a scroll of remove curse for 42 gold pieces
  6916 | D:7      | Bought a scroll of identify for 28 gold pieces
  6916 | D:7      | Bought a scroll of identify for 28 gold pieces
  6916 | D:7      | Bought a scroll of teleportation for 42 gold pieces
  7364 | D:7      | Reached **** piety under Trog
  7500 | D:7      | Reached skill level 1 in Throwing
  7706 | D:7      | Found a white marble altar of Elyvilon.
  7913 | D:7      | Found an opulent altar of Gozag.
  8203 | D:9      | Found a radiant altar of Vehumet.
  8360 | D:8      | Reached skill level 11 in Axes
  8518 | D:8      | Found a staircase to the Lair.
  8533 | D:8      | Noticed Psyche
  8540 | D:8      | Killed Psyche
  8540 | D:8      | Reached XP level 10. HP: 90/90 MP: 10/10
  8642 | D:8      | Received a gift from Trog
  8780 | Lair:1   | Entered Level 1 of the Lair of Beasts
  8845 | Lair:1   | Noticed a four-headed hydra
  8863 | Lair:1   | Killed a ten-headed hydra
  9310 | D:9      | Found a blossoming altar of Fedhas.
  9400 | D:10     | Entered Level 10 of the Dungeon
  9471 | D:11     | Reached skill level 12 in Axes
  9637 | D:9      | Reached skill level 1 in Stealth
  9747 | D:9      | Found an iron altar of Okawaru.
  9759 | D:9      | Found a sparkling altar of Nemelex Xobeh.
  9768 | D:9      | Found a blossoming altar of Fedhas.
  9776 | D:9      | Found a shimmering altar of Xom.
 10946 | Lair:1   | Reached XP level 11. HP: 99/99 MP: 11/11
 10948 | Lair:1   | Reached skill level 10 in Fighting
 10989 | Lair:1   | Noticed a black mamba
 11004 | Lair:1   | Killed a black mamba
 11004 | Lair:1   | Reached skill level 10 in Armour
 11212 | Lair:1   | Identified a +3 rod of ignition (13/13) (You found it on level 1 of the Lair of Beasts)
 11385 | Lair:2   | Reached skill level 13 in Axes
 12175 | Lair:2   | Reached ***** piety under Trog
 12819 | Lair:3   | Received a gift from Trog
 12819 | Lair:3   | Reached skill level 14 in Axes
 13654 | Lair:3   | Reached XP level 12. HP: 103/110 MP: 12/12
 13885 | Lair:3   | Noticed Nergalle
 14685 | D:11     | Noticed a green ugly thing
 14699 | D:11     | Killed a green ugly thing
 14699 | D:11     | Reached skill level 15 in Axes
 15361 | D:13     | Reached skill level 1 in Evocations
 15455 | D:13     | Found a flagged portal.
 15481 | Bailey   | Entered a bailey
 15668 | Bailey   | Found an iron altar of Okawaru.
 15723 | Bailey   | Received a gift from Trog
 16283 | Bailey   | Reached skill level 16 in Axes
 16861 | D:13     | Received a gift from Trog
 17516 | D:10     | Reached XP level 13. HP: 107/119 MP: 13/13
 18027 | D:11     | Noticed a hill giant
 18033 | D:11     | Killed a hill giant
 18071 | D:11     | Got a steaming spear
 18072 | D:11     | Identified the +6 spear of Eternal Vigilance {pierce, Int+3} (You found it on level 11 of the Dungeon)
 18628 | D:11     | Found a staircase to the Orcish Mines.
 18673 | Orc:1    | Entered Level 1 of the Orcish Mines
 18711 | Orc:1    | Found a frozen archway.
 18849 | IceCv    | Entered an ice cave
 19148 | IceCv    | Reached skill level 17 in Axes
 19460 | IceCv    | Received a gift from Trog
 19511 | IceCv    | Reached skill level 1 in Shields
 19512 | IceCv    | Reached skill level 5 in Dodging
 19751 | IceCv    | Noticed a white draconian
 19764 | IceCv    | Noticed SaintRoka's ghost (journeyman NaAK)
 19785 | IceCv    | Killed a white draconian
 19868 | IceCv    | Killed SaintRoka's ghost
 19925 | IceCv    | Got a faintly humming scale mail
 19947 | IceCv    | Identified the +3 scale mail of Qell {Str-4 Dex+11} (You found it in an ice cave)
 20405 | Orc:1    | Found Yddarchu's Armour Shop.
 20443 | Orc:1    | Bought the cursed +0 large shield of Dithmenos's Esteem {rElec MP+9 Dex+3} for 370 gold pieces
 20603 | Orc:2    | Noticed Rupert
 20782 | D:11     | Found Yjoatsi's Distillery.
 21219 | D:12     | Reached XP level 14. HP: 117/130 MP: 14/14
 21592 | D:12     | Reached skill level 18 in Axes
 21668 | D:13     | Reached skill level 5 in Throwing
 21729 | D:13     | Noticed a vampire mage
 21820 | D:13     | Noticed a centaur warrior
 21850 | D:13     | Killed a centaur warrior
 22126 | D:13     | Killed a vampire mage
 22167 | D:13     | Found a basalt altar of Yredelemnul.
 22247 | D:13     | Noticed a vampire knight
 22254 | D:13     | Killed a vampire knight
 22675 | D:14     | Got an ancient hand crossbow
 22676 | D:14     | Identified the +2 hand crossbow of Objectivity {freeze, rF+} (You found it on level 14 of the Dungeon)
 22988 | D:14     | Received a gift from Trog
 23024 | D:15     | Entered Level 15 of the Dungeon
 23503 | D:15     | Found Jalod's Food Shop.
 23510 | D:15     | Bought a bread ration for 65 gold pieces
 23510 | D:15     | Bought a bread ration for 65 gold pieces
 23510 | D:15     | Bought a bread ration for 65 gold pieces
 23510 | D:15     | Bought a bread ration for 65 gold pieces
 23510 | D:15     | Bought a bread ration for 65 gold pieces
 23510 | D:15     | Bought a beef jerky for 19 gold pieces
 23510 | D:15     | Bought a bread ration for 65 gold pieces
 23510 | D:15     | Bought a beef jerky for 19 gold pieces
 23510 | D:15     | Bought a meat ration for 65 gold pieces
 23510 | D:15     | Bought a meat ration for 65 gold pieces
 23510 | D:15     | Bought a beef jerky for 19 gold pieces
 23632 | D:15     | Reached skill level 5 in Shields
 24047 | D:15     | Found a staircase to the Depths.
 24052 | D:15     | Noticed an emperor scorpion
 24081 | D:15     | Killed an emperor scorpion
 24229 | D:14     | Noticed a vault guard
 24230 | D:14     | Noticed a vault guard
 24248 | D:14     | Killed a vault guard
 24251 | D:14     | Killed a vault guard
 24266 | D:14     | Noticed a vault guard
 24303 | D:14     | Killed a vault guard
 24315 | D:14     | Noticed a vault guard
 24341 | D:14     | Killed a vault guard
 24543 | D:5      | Got a serpentine brass ring
 24601 | D:5      | Bought a potion of curing for 39 gold pieces
 24601 | D:5      | Bought a potion of curing for 39 gold pieces
 24747 | D:5      | Noticed Prince Ribbit
 24761 | D:5      | Found a staircase to the Ecumenical Temple.
 24776 | D:5      | Killed Prince Ribbit
 24785 | Temple   | Entered the Ecumenical Temple
 24931 | D:5      | Noticed Eustachio
 24952 | D:5      | Killed Eustachio
 25128 | D:4      | Killed Menkaure
 25425 | D:4      | Killed Natasha
 25438 | D:4      | Identified the ring "Jishamn" {MR+ MP+9 Dex+6} (You found it on level 5 of the Dungeon)
 25806 | D:2      | You fall through a shaft for 2 floors!
 26624 | Lair:3   | Killed Nergalle
 27027 | Lair:5   | Reached XP level 15. HP: 133/139 MP: 16/16
 27147 | Lair:4   | Received a gift from Trog
 27187 | Lair:4   | Found a staircase to the Snake Pit.
 27246 | Lair:4   | Noticed a six-headed hydra
 27281 | Lair:4   | Killed an 18-headed hydra
 27819 | Lair:4   | Noticed a six-headed hydra
 27844 | Lair:4   | Killed a 19-headed hydra
 28103 | Snake:1  | Entered Level 1 of the Snake Pit
 28163 | Snake:1  | Reached skill level 19 in Axes
 28172 | Snake:1  | Found Fidachyci's Distillery.
 28172 | Snake:1  | Found Tuwep's Weapon Boutique.
 28230 | Snake:1  | Found Segiet's Antique Armour Emporium.
 28644 | Snake:1  | Received a gift from Trog
 28679 | Snake:1  | Found Bowueps's Antique Weapon Shoppe.
 28835 | Snake:1  | Bought a translucent battleaxe for 333 gold pieces
 28840 | Snake:1  | Identified the +9 battleaxe of Prudence {venom, -Tele +Rage rF+ Str+3} (You bought it in a shop on level 1 of the Snake Pit)
 28847 | Snake:1  | Bought a distressingly furry ring mail for 315 gold pieces
 28863 | Snake:1  | Identified the cursed +1 ring mail of Starshine {-Tele rN+++ Int+2 Dex+4} (You bought it in a shop on level 1 of the Snake Pit)
 29005 | Snake:1  | Noticed Nikola
 29701 | Lair:5   | Found a blossoming altar of Fedhas.
 29881 | Lair:5   | Found a staircase to the Shoals.
 29898 | Lair:5   | Reached skill level 15 in Fighting
 30034 | Lair:5   | Received a gift from Trog
 30269 | Lair:6   | Found a staircase to the Slime Pits.
 30325 | Shoals:1 | Entered Level 1 of the Shoals
 30616 | Shoals:1 | Got a blackened glaive
 30623 | Shoals:1 | Identified the +7 glaive "Goblinslayer" {drain, rElec rC+ rN+ Int+3} (You found it on level 1 of the Shoals)
 31266 | Shoals:1 | HP: 8/211 [drowned by a drowned soul[a merfolk avatar] (9)]
 31268 | Shoals:1 | Drowned by a drowned soul

Action                   |  1- 3 |  4- 6 |  7- 9 | 10-12 | 13-15 || total
-------------------------+-------+-------+-------+-------+-------++-------
Melee: Hand axe          |   102 |    26 |       |   125 |  1252 ||  1505
       War axe           |       |    74 |    93 |       |       ||   167
       Battleaxe         |       |       |   277 |   731 |   209 ||  1217
       Spear             |       |       |       |       |    20 ||    20
       Glaive            |       |       |       |       |    23 ||    23
Throw: Tomahawk          |       |       |    36 |    13 |       ||    49
       Javelin           |       |       |       |    26 |   145 ||   171
Invok: Berserk           |       |       |     5 |     8 |    12 ||    25
       Burn Spellbooks   |       |       |     1 |     3 |     2 ||     6
       Brothers in Arms  |       |       |       |     5 |    21 ||    26
Evoke: Wand              |       |       |       |    18 |    14 ||    32
       Rod               |       |       |       |     1 |       ||     1
       Deck              |       |       |       |       |     1 ||     1
  Use: Scroll            |     4 |     4 |     7 |    20 |    24 ||    59
       Potion            |       |       |       |     2 |    11 ||    13
 Stab: Distracted        |       |       |       |     1 |     3 ||     4
       Sleeping          |       |       |       |       |     1 ||     1
  Eat: Bread ration      |     1 |       |     1 |       |     3 ||     5
       Chunk             |     1 |     6 |    11 |    26 |    32 ||    76
       Pizza             |       |       |     1 |       |     3 ||     4
       Fruit             |       |       |       |    18 |     4 ||    22
       Beef jerky        |       |       |       |       |     2 ||     2
       Meat ration       |       |       |       |       |     1 ||     1
